 Dungeon Crawl Stone Soup version 0.22.1-5-g62c59d9 (webtiles) character file.

21 colophon the Sneak (level 3, 0/20 HPs)
             Began as a Kobold Enchanter on Jan 11, 2019.
             Succumbed to an adder's poison
             ... on level 2 of the Dungeon on Jan 13, 2019.
             The game lasted 00:05:39 (1629 turns).

colophon the Sneak (Kobold Enchanter)               Turns: 1629, Time: 00:05:40

Health: 0/20       AC:  2    Str:  5    XL:     3   Next: 2%
Magic:  1/6        EV: 16    Int: 16    God:
Gold:   46         SH:  0    Dex: 16    Spells: 0/6 levels left

rFire    . . .     SeeInvis .   a - +1 dagger
rCold    . . .     Gourm    .   (shield restricted)
rNeg     . . .     Faith    .   b - +0 robe
rPois    .         Spirit   .   (no helmet)
rElec    .         Reflect  .   (no cloak)
rCorr    .         Harm     .   (no gloves)
MR       .....                  (no boots)
Stlth    +++.......             (no amulet)
HPRegen  0.06/turn              (no ring)
MPRegen  0.10/turn              (no ring)

@: lethally poisoned (0 -> -3), very slightly contaminated
A: small, carnivore
a: no special abilities


You were on level 2 of the Dungeon.
You were very full.

You visited 1 branch of the dungeon, and saw 2 of its levels.

You collected 46 gold pieces.

Inventory:

Hand Weapons
 a - a +1 dagger (weapon)
Armour
 b - a +0 robe (worn)
Scrolls
 e - a scroll of fog {unknown}
 f - a scroll of identify {unknown}
 g - a scroll of enchant armour {unknown}
 i - a scroll of enchant weapon {unknown}
Potions
 c - a potion of agility {unknown}
 h - a potion of heal wounds {unknown}
Comestibles
 d - 2 rations


   Skills:
 + Level 1.0 Fighting
 + Level 2.0 Short Blades
 + Level 2.8 Dodging
 + Level 4.3 Stealth
 + Level 2.4 Spellcasting
 - Level 3.0 Hexes


You couldn't memorise any spells.
You knew the following spells:

 Your Spells              Type           Power        Failure   Level  Hunger
a - Corona                Hex            ##.....      6%          1    #......
b - Ensorcelled Hibernat  Hex/Ice        #.....       16%         2    ###....
c - Confuse               Hex            ##......     17%         3    ###....

Your spell library contained the following spells:

 Spells                   Type           Power        Failure   Level  Hunger
 Tukima's Dance           Hex            ##......     17%         3    ###....
 Dazzling Spray           Conj/Hex       #.....       32%         3    ###....


Dungeon Overview and Level Annotations

Branches:
Dungeon (2/15)

Altars:
Dithmenos


Innate Abilities, Weirdness & Mutations

You are small and have problems with some larger weapons.
You are carnivorous and can eat meat at any time.


Message History

You hit the adder.
The adder is almost dead.
The adder barely misses you.
You miss the adder.
The adder is almost dead.
The adder barely misses you.
You hit the adder.
The adder is almost dead.
You feel sick. The adder barely misses you. The adder closely misses you.
You hit the adder.
The adder is almost dead.
The adder bites you.
* * * LOW HITPOINT WARNING * * *
You hit the adder but do no damage.
The adder is almost dead.
The adder bites you.
* * * LOW HITPOINT WARNING * * *
You barely miss the adder.
The adder is almost dead.
You die...

# # .## ## §.#..
###§#.#.# #.§§.§§§
..######.#§#.#§
....#.......#@§§#
#....#........#S##
#....#........#..#
+....+........##.#
###....#........#
.#
.......#........#
.#
....####........#
# ....# #........#
....# #........#


You could see an adder.

Vanquished Creatures
  An ooze (D:1)
  A dart slug (D:1)
  A giant cockroach (D:1)
  3 goblins (D:2)
  2 hobgoblins (D:1)
  A kobold (D:1)
  2 bats (D:1)
  2 rats (D:1)
13 creatures vanquished.

Notes
Turn   | Place    | Note
-------+----------+-------------------------------------------
     0 | D:1      | colophon the Kobold Enchanter began the quest for the Orb.
     0 | D:1      | Reached XP level 1. HP: 10/10 MP: 3/3
   652 | D:1      | Reached XP level 2. HP: 8/16 MP: 3/5
   656 | D:1      | Learned a level 2 spell: Ensorcelled Hibernation
  1546 | D:2      | Reached skill level 1 in Fighting
  1546 | D:2      | Reached XP level 3. HP: 16/20 MP: 1/6
  1551 | D:2      | Learned a level 3 spell: Confuse
  1613 | D:2      | Found a shadowy altar of Dithmenos.
  1628 | D:2      | HP: 1/20 [adder (1)]
  1629 | D:2      | Succumbed to an adder's poison

Skill      XL: |  1  2 |
---------------+-------+-----
Short Blades   | 2 |  2.0
Fighting       | 1 |  1.0
Dodging        | |  2.8
Stealth        | |  4.3
Spellcasting   | |  2.4
Hexes          | |  3.0

Action                   || total
-------------------------++-------
Melee: Dagger            ||    53
 Cast: Corona            ||     7
       Ensorcelled Hiber ||     5
 Stab: Sleeping          ||     5
  Eat: Chunk             ||    10
Armor: Robe              ||     5
Dodge: Dodged            ||    48
